 Dungeon Crawl Stone Soup version 0.21-a0-578-gc6e9d75 (webtiles) character file.

109 4thArraOfDagon the Skirmisher (level 4, -2/66 HPs)
             Began as an Ogre Artificer on Dec 18, 2017.
             Was a Follower of Trog.
             Slain by an orc
             ... wielding a +0 hand axe
              (4 damage)
             ... on level 5 of the Dungeon.
             The game lasted 00:06:37 (1303 turns).

4thArraOfDagon the Skirmisher (Ogre Artificer)      Turns: 1303, Time: 00:06:38

Health: -2/66      AC:  3    Str: 21    XL:     4   Next: 89%
Magic:  5/5        EV: 10    Int: 13    God:    Trog [*.....]
Gold:   15         SH:  0    Dex:  9    Spells: 3/3 levels left

rFire    . . .     SeeInvis .   r - -3 short sword (curse)
rCold    . . .     Gourm    .   (no shield)
rNeg     . . .     Faith    .   b - +0 robe
rPois    .         Spirit   .   (helmet restricted)
rElec    .         Reflect  .   (no cloak)
rCorr    .         Harm     .   (gloves unavailable)
MR       +....     Clarity  +   (boots unavailable)
Stlth    ..........             (no amulet)
HPRegen  0.21/turn              n - ring of protection from magic
MPRegen  0.09/turn              p - -5 ring of slaying (curse)

@: berserking, very quick
A: large, unfitting armour, antennae 1, clarity, frail 1, tough skin 1
a: Berserk, Burn Spellbooks, Renounce Religion


You were on level 5 of the Dungeon.
You worshipped Trog.
Trog was aware of your devotion.
You were not hungry.

You visited 1 branch of the dungeon, and saw 5 of its levels.

You collected 65 gold pieces.
You spent 50 gold pieces at shops.

Inventory:

Hand Weapons
 a - a +0 short sword
 k - a cursed +0 giant club
 l - a +0 club
 r - a cursed -3 short sword (weapon)
 s - a cursed -3 mace
Armour
 b - a +0 robe (worn)
 q - a +0 pair of gloves
Jewellery
 n - a ring of protection from magic (left hand)
 p - a cursed -5 ring of slaying (right hand)
Wands
 c - a wand of flame (8)
 d - a wand of enslavement (12)
 e - a wand of random effects (15)
Scrolls
 g - a scroll of magic mapping
 j - a scroll of immolation
 m - a scroll of holy word {unknown}
 o - a scroll of fog {unknown}
Potions
 h - a potion of mutation
Comestibles
 f - 6 rations
 i - 3 chunks of flesh


   Skills:
 + Level 4.6 Fighting
 - Level 0.8 Short Blades
 * Level 2.3 Maces & Flails
 - Level 1.7 Dodging
 - Level 0.6 Stealth
 - Level 2.4 Evocations


You had 3 spell levels left.
You didn't know any spells.

Dungeon Overview and Level Annotations

Branches:
Dungeon (5/15)
 Temple: D:4-7

Altars:
Ru
Trog

Shops:
D:5 *

Annotations:
D:3 Robin


Innate Abilities, Weirdness & Mutations

You are too large for most types of armour.
You have tough skin. (AC +1)
You have a pair of small antennae on your head.
You possess an exceptional clarity of mind.
You are frail. (-10% HP)


Message History

* * * LOW HITPOINT WARNING * * *
The orc hits you with a mace.
* * * LOW HITPOINT WARNING * * *
You climb downwards.
There is a stone staircase leading up here.
Unknown command.
Unknown command.
The orc hits you with a hand axe.
* * * LOW HITPOINT WARNING * * *
Okay, then.
A red film seems to cover your vision as you go berserk!
You feel yourself moving faster!
You feel mighty!
You feel quite a bit more hungry. The orc completely misses you.
Unknown command.
You closely miss the orc.
The orc is severely wounded.
You hit the orc.
The orc is severely wounded.
The orc hits the plant with a mace.
The orc hits you with a hand axe.
You die...

#.$.........<.....#
..................#
##########........#
#.........#
#.........#
#...PP....#
#..P∩..<..#
##..PP.#### #..@oo#
#######


You could see 2 orcs.

Vanquished Creatures
  An ogre (D:5)
  An adder (D:2)
  An ooze (D:3)
  A dart slug (D:2)
  2 leopard geckos
  An orc (D:3)
  7 bats
  3 giant cockroaches
  5 goblins
  2 hobgoblins
  5 kobolds
  2 frilled lizards
  5 rats
36 creatures vanquished.

Vanquished Creatures (others)
  A scorpion (D:5)
  A worker ant (D:4)
2 creatures vanquished.

Grand Total: 38 creatures vanquished

Notes
Turn   | Place    | Note
-------+----------+-------------------------------------------
     0 | D:1      | 4thArraOfDagon the Ogre Artificer began the quest for the Orb.
     0 | D:1      | Reached XP level 1. HP: 19/19 MP: 2/2
    11 | D:1      | Reached skill level 2 in Fighting
    68 | D:2      | Reached XP level 2. HP: 26/29 MP: 3/3
   142 | D:3      | Noticed Robin
   149 | D:2      | Reached skill level 3 in Fighting
   234 | D:2      | Found a faded altar of an unknown god.
   258 | D:2      | Became a worshipper of Trog the Wrathful
   258 | D:2      | Reached * piety under Trog
   316 | D:1      | Reached XP level 3. HP: 15/39 MP: 4/4
   600 | D:2      | Reached skill level 4 in Fighting
   620 | D:2      | Reached skill level 1 in Maces & Flails
   744 | D:3      | Found a sacrificial altar of Ru.
  1012 | D:3      | Gained mutation: You possess an exceptional clarity of mind. [potion of mutation]
  1012 | D:3      | Gained mutation: You are frail. (-10% HP) [potion of mutation]
  1012 | D:3      | Gained mutation: You have a pair of small antennae on your head. [potion of mutation]
  1164 | D:4      | Noticed an ogre
  1186 | D:4      | Noticed a scorpion
  1228 | D:5      | Entered Level 5 of the Dungeon
  1228 | D:5      | Found Joucoucs's Assorted Antiques.
  1228 | D:5      | Noticed an ogre
  1242 | D:5      | Killed an ogre
  1242 | D:5      | Reached XP level 4. HP: 44/44 MP: 5/5
  1285 | D:5      | Bought a scroll labeled EMOAGE BYBAICU for 25 gold pieces
  1285 | D:5      | Bought a scroll labeled ASUCI CETOSS for 25 gold pieces
  1298 | D:5      | HP: 1/44 [orc/hand axe (6)]
  1303 | D:5      | Slain by an orc

Vault maps used:
D:1:      dpeg_arrival_ratfight
D:2:      kennysheep_six_static_rooms, chequers_ecumenical_altar_island,
          hangedman_abyss_or_decor_lesser_grid
D:3:      marbit_many_paths, nicolae_ru_awakened_eye, first_ration,
          fedhas_altar_fruit_tree, uniq_robin
D:4:      serial_shops, nicolae_shop_trees, shop, nicolae_shop_behind_doors,
          nrook_mini_vaults
D:5:      nemelex_xobeh_ov_fountains_minmay, minmay_temple_entry_hall,
          serial_shops, nicolae_shop_overgrown_old_shop

Skill      XL: |  1  2  3 |
---------------+----------+-----
Fighting       | 2 3 4 |  4.6
Maces & Flails | 2 |  2.3
Short Blades   | |  0.8
Dodging        | |  1.7
Stealth        | |  0.6
Evocations     | |  2.4

Action                   |  1- 3 |  4- 6 || total
-------------------------+-------+-------++-------
Melee: Short sword       |   178 |    27 ||   205
Invok: Berserk           |     9 |     1 ||    10
Evoke: Wand              |     8 |     2 ||    10
  Use: Scroll            |     5 |       ||     5
       Potion            |     5 |       ||     5
  Eat: Chunk             |     5 |     2 ||     7
       Ration            |     1 |       ||     1
Armor: Robe              |    91 |     5 ||    96
Dodge: Dodged            |   153 |    13 ||   166

Table legend:
 A = Spawn XP
 B = Non-spawn XP
 C = Spawn XP percentage of total XP
 D = Spawn monster count
 E = Non-spawn monster count
 F = Spawn count percentage of total count
 G = Total turns spent on level
                    A         B        C        D         E        F      G
               +---------+---------+-------+---------+---------+-------+---------
         Total |       0 |     156 |   0.0 |       0 |      36 |   0.0 |  1303
               +---------+---------+-------+---------+---------+-------+---------
           D:1 |       0 |      24 |   0.0 |       0 |      14 |   0.0 |   346
           D:2 |       0 |      38 |   0.0 |       0 |      16 |   0.0 |   442
           D:3 |       0 |      11 |   0.0 |       0 |       3 |   0.0 |   316
           D:4 |       0 |       2 |   0.0 |       0 |       1 |   0.0 |   132
           D:5 |       0 |      81 |   0.0 |       0 |       2 |   0.0 |    67
               +---------+---------+-------+---------+---------+-------+---------
